AoeStats
← Taskyr

Hideout

510211646Analyzed
1v1 RM · 4d ago on Sep 30, 2026· 35m 6s· 2 players
Game mode
Random Map
Map size
Tiny (2 player)
Population
200
Speed
Normal
Resources
Standard
Victory
Conquest
Starting age
Dark Age
Ending age
Imperial Age
RankedLock teamsTeams togetherTeam positionsShared explorationLock speedFull tech treeHidden civsTurbo modeCheats
Victory
Defeat
🇺🇸 Cumans · United States
681
+17
🇧🇷 Burmese · Brazil
695
-32
Taskyr
11:59 Feudal Age
10:43 Loom
21:43 Castle Age
20:20 Double-Bit Axe
20:16 Horse Collar
20:51 Stone Mining
21:42 Gold Mining
22:24 Bloodlines
26:08 Thumb Ring
29:46 Scale Barding Armor
32:26 Steppe Husbandry
32:24 Fletching
melocotom
11:44 Feudal Age
14:12 Wheelbarrow
14:10 Gold Mining
14:47 Arson
17:03 Horse Collar
20:04 Scale Mail Armor
22:07 Stone Mining
28:46 Castle Age
27:32 Man-at-Arms
35:04 Imperial Age
Connection lost

Rejoining the realm…

Still unreachable

The connection could not be restored.

Session expired

The server has moved on; the page needs a fresh start.